 Dungeon Crawl Stone Soup version 0.30-a0-859-gf88a04b62d (webtiles) character file.

Game seed: 16343539353114288669

17 ProzacElf the Firebug (level 2, -2/26 HPs)
             Began as an Armataur Cinder Acolyte on Mar 6, 2023.
             Was a High Priest of Ignis.
             Slain by a jackal (3 damage)
             ... on level 1 of the Dungeon.
             The game lasted 00:01:46 (498 turns).

ProzacElf the Firebug (Armataur Cinder Acolyte)      Turns: 498, Time: 00:01:46

Health: -2/26      AC:  4    Str: 19    XL:     2   Next: 44%
Magic:  3/3        EV:  9    Int: 14    God:    Ignis [*****.]
Gold:   37         SH:  0    Dex:  5    Spells: 3/3 levels left

rFire   + . .      SeeInvis .    a - -1 falchion (flame)
rCold   . . .      Faith    .    (no shield)
rNeg    . . .      Spirit   .    b - +0 robe
rPois   +          Reflect  .    (no helmet)
rElec   .          Roll     +    (no cloak)
rCorr   .                        (no gloves)
Will    .....                    (no barding)
Stlth   +                        (no amulet)
HPRegen 0.24/turn                d - ring of poison resistance
MPRegen 0.08/turn                (no ring)

@: no status effects
A: large, rugged brown scales 3, deformed body, armoured tail, roll, long
tongue, awkward tongue
a: Renounce Religion, Fiery Armour, Foxfire Swarm, Rising Flame


You were on level 1 of the Dungeon.
You worshipped Ignis.
Ignis was extremely pleased with you.
You visited 1 branch of the dungeon, and saw 1 of its levels.

You collected 37 gold pieces.

Inventory:

Hand Weapons
 a - a -1 falchion of flaming (weapon)
Armour
 b - a +0 robe (worn)
Jewellery
 d - a ring of poison resistance (left hand)
Scrolls
 c - a scroll of identify {unknown}


   Skills:
 - Level 2.6 Fighting
 + Level 3.0 Long Blades
 + Level 1.3 Stealth
 - Level 1.0 Spellcasting
 + Level 3.0 Fire Magic


You had 3 spell levels left.
You didn't know any spells.
Your spell library contained the following spells:

 Spells                   Type           Power      Damage    Failure   Level
 Scorch                   Fire           18%        2d6       12%         2


Dungeon Overview and Level Annotations

Branches:
Dungeon (1/15)

Altars:


Innate Abilities, Weirdness & Mutations

You are completely covered in rugged brown scales. (AC +3, +7% HP)
Armour fits poorly on your strangely shaped body.
You have a long armoured tail.
You roll when moving toward enemies. (Rampage)
Your long tongue fully drains potion bottles. (2x potion effects)
Your tongue gives you trouble enunciating. (1.5x scroll delay)


Message History

Tha goblin hits ye but does nay damage.
Tha kobold hits ye wit' a +0 club.
Tha jackal bites ye.
Ye take 6 damage, an' haf 15/26 hp.
MASSIVE DAMAGE!!
Tha jackal attacks as ye move away!
Tha jackal bites ye but does nay damage.
Tha jackal attacks as ye move away!
Tha jackal bites ye.
Tha goblin hits ye wit' a +0 club.
Tha kobold hits ye wit' a +0 club.
Ye take 4 damage, an' haf 11/26 hp.
Tha jackal closely misses ye.
Tha kobold hits ye but does nay damage.
Tha jackal attacks as ye move away!
Tha jackal bites ye.
Tha kobold attacks as ye move away!
Tha kobold hits ye wit' a +0 club.
* * * LOW HITPOINT WARNIN'
* * * Tha jackal barely misses ye.
Ye take 4 damage, an' haf 7/26 hp.
Tha jackal attacks as ye move away!
Tha jackal bites ye but does nay damage.
Ye ar'n't carryin' any potions.
Ye barely miss tha jackal.
Tha jackal completely misses ye.
Tha jackal misses ye.
Ye barely miss tha jackal.
Tha jackal bites ye.
* * * LOW HITPOINT WARNIN'
* * * Tha jackal bites ye but does nay damage.
Ye take 2 damage, an' haf 6/26 hp.
Ye closely miss tha jackal.
Tha jackal bites ye but does nay damage.
Ye miss tha jackal.
Yer tail-slap misses tha jackal.
Tha jackal bites ye.
* * * LOW HITPOINT WARNIN'
* * * Tha jackal closely misses ye.
Ye take 1 damage, an' haf 5/26 hp.
Ye hit tha jackal but do nay damage.
Tha jackal bites ye.
* * * LOW HITPOINT WARNIN'
* * * Tha jackal closely misses ye.
Ye take 3 damage, an' haf 2/26 hp.
Okay, than.
Ye barely miss tha jackal.
Tha jackal bites ye but does nay damage.
Ye closely miss tha jackal.
Tha jackal bites ye.
* * * LOW HITPOINT WARNIN'
* * * Tha jackal bites ye.
Ye die...

#..#.###.# #..# #.
###........# .... .
......#.#####.. #
#..#.########..........
.##..#.
................. #
..... #######.#######.#
#.##..# #.#
####.....##########.#
........hKgh@.......#
###...##.############
### #... #####


You could see 2 jackals, a goblin and a kobold.

Vanquished Creatures
  3 endoplasms (D:1)
  2 goblins (D:1)
  2 hobgoblins (D:1)
  3 jackals (D:1)
  A quokka (D:1)
  A ball python (D:1)
  2 rats (D:1)
14 creatures vanquished.

Notes
Turn   | Place    | Note
-------+----------+-------------------------------------------
     0 | D:1      | ProzacElf the Armataur Cinder Acolyte began the quest for
                  | the Orb.
     0 | D:1      | Reached XP level 1. HP: 19/19 MP: 2/2
   119 | D:1      | Reached skill level 1 in Stealth
   153 | D:1      | Reached XP level 2. HP: 26/26 MP: 3/3
   498 | D:1      | HP: 1/26 [jackal (1)]
   498 | D:1      | Slain by a jackal

Illustrated notes

Levels and vault maps discovered:
D:1:      evilmike_arrival_crescent, layout_loops_ring

Skill      XL: |  1  2 |
---------------+-------+-----
Stealth        | 1 |  1.3
Fire Magic     | 3 |  3.0
Long Blades    | 3 |  3.0
Fighting       | |  2.6
Spellcasting   | |  1.0

Action                     || total
---------------------------++-------
  Melee: Falchion          ||    51
         Tailslap          ||     6
 Armour: Robe              ||    28
  Dodge: Dodged            ||    30

Table legend: (Time is in decaauts)
 A = Elapsed time spent in this place.
 B = Non-inter-level travel time spent in this place.
 C = Inter-level travel time spent in this place.
 D = Time resting spent in this place.
 E = Time spent auto-exploring this place.
 F = Levels seen in this place.
 G = Mean time per level.
                   A        B        C        D        E       F      G
               +--------+--------+--------+--------+--------+-----+--------+
         Total |    505 |    505 |      0 |      0 |    387 |   1 |  505.0 |
       Dungeon |    505 |    505 |      0 |      0 |    387 |   1 |  505.0 |
               +--------+--------+--------+--------+--------+-----+--------+

Top non-repeatable levels by time:
     D:1: 505 daAuts
